 Dungeon Crawl Stone Soup version 0.28-a0-863-g8cecda6153 (webtiles) character file.

Game seed: 9500336927256745692

93 mcbry74 the Poker (level 4, 0/33 HPs)
             Began as a Merfolk Gladiator on Nov 19, 2021.
             Was an Initiate of Gozag.
             Slain by Natasha (6 damage)
             ... on level 2 of the Dungeon.
             The game lasted 00:06:44 (1971 turns).

mcbry74 the Poker (Merfolk Gladiator)               Turns: 1971, Time: 00:06:45

Health: 0/33       AC:  4    Str: 15    XL:     4   Next: 62%
Magic:  4/4        EV: 13    Int:  7    God:    Gozag
Gold:   78         SH:  0    Dex: 15    Spells: 3/3 levels left

rFire   . . .      SeeInvis .   a - +0 trident
rCold   . . .      Faith    .   (no shield)
rNeg    . . .      Spirit   .   b - +0 leather armour
rPois   .          Reflect  .   c - +0 helmet
rElec   .          Harm     .   (no cloak)
rCorr   .          Rampage  .   (no gloves)
Will    .....                   (no boots)
Stlth   +.........              (no amulet)
HPRegen 0.11/turn               (no ring)
MPRegen 0.09/turn               (no ring)

@: gold aura, slowed, very slow
A: (nimble swimmer 2), mertail
a: Renounce Religion, Potion Petition, Call Merchant, Bribe Branch


You were on level 2 of the Dungeon.
You worshipped Gozag.
Gozag was noncommittal.
You visited 1 branch of the dungeon, and saw 2 of its levels.

You collected 78 gold pieces.

Inventory:

Hand Weapons
 a - a +0 trident (weapon)
 k - a +0 trident
Missiles
 d - 3 throwing nets (quivered)
 j - 4 boomerangs
 n - 60 stones
Armour
 b - a +0 leather armour (worn)
 c - a +0 helmet (worn)
Jewellery
 f - a ring of fire
 h - a +6 ring of dexterity
Scrolls
 g - a scroll of teleportation {unknown}
 o - a scroll of immolation {unknown}
Potions
 e - a potion of heal wounds {unknown}
 i - 4 potions of degeneration {unknown}
 l - a potion of magic {unknown}
 m - a potion of invisibility


   Skills:
 - Level 2.1 Fighting
 + Level 7.6 Polearms
 - Level 2.0 Throwing
 - Level 4.0 Dodging


You had 3 spell levels left.
You didn't know any spells.
Your spell library was empty.

Dungeon Overview and Level Annotations

Branches:
Dungeon (2/15)

Altars:
Gozag

Annotations:
D:2 Natasha


Innate Abilities, Weirdness & Mutations

((You are quick and stealthy near water. (Stealth+, EV+, Speed+++)))
Your lower body shifts to a powerful aquatic tail in water.


Message History

The ball python constricts you.
You escape the ball python's grasp.
You hit the ball python but do no damage.
The ball python barely misses you. x2
The ball python bites you but does no damage.
The ball python misses you.
You closely miss the ball python.
The crimson imp blinks!
The ball python closely misses you. The ball python grabs you.
The ball python constricts you.
You closely miss the ball python.
The ball python bites you but does no damage.
The ball python constricts you.
The ball python bites you but does no damage.
The ball python constricts you.
You closely miss the ball python.
The ball python bites you but does no damage.
The ball python constricts you.
You hear some strange, mumbled words.
The ball python barely misses you. The ball python constricts you.
You closely miss the ball python.
The ball python bites you but does no damage.
The ball python constricts you.
You barely miss the ball python. The ball python bites you.
The ball python constricts you.
The ball python bites you but does no damage.
The ball python constricts you.
You puncture the ball python!
You kill the ball python!
You hear some strange, mumbled words.
Something tries to affect you, but you resist.
The crimson imp blinks!
You hear some strange, mumbled words.
You hit the shadow imp.
The shadow imp is moderately wounded.
Something claws you.
* * * LOW HITPOINT WARNING * * *
The shadow imp completely misses you. Something claws you.
You die...
Your body crumbles into a pile of gold.

#...#.#..# ####..
#.#......## ##.
#.####....# #.
#..###....#### #######
##..##.......###......
##..#.............##.
##.###....####.#....
#. #.#....#.# #......
#. ###5@5##.#.#
#...... ####.####
#..{..##.#.# #.##...
#.......#
#5###.##.#.####.##...
#.......###.#
#.##........#....
#.......##.5#
#.....##.####.##.
#..........##
#.##..##..###.##.
#.......####
#.###.###..##.##.
#...!...#
###.##...........#.
#.......#
##...##..###..#.#.#.


You could see 2 crimson imps and a shadow imp (summoned).

Vanquished Creatures
  Natasha (twice) (D:2)
  2 dart slugs (D:1)
  An orc (D:2)
  A ball python (D:2)
  2 endoplasms
  3 giant cockroaches (D:2)
  2 goblins
  4 hobgoblins
  4 jackals (D:1)
  3 kobolds
  2 quokkas (D:1)
  4 bats
  2 frilled lizards
  4 rats
36 creatures vanquished.

Notes
Turn   | Place    | Note
-------+----------+-------------------------------------------
     0 | D:1      | mcbry74 the Merfolk Gladiator began the quest for the Orb.
     0 | D:1      | Reached XP level 1. HP: 16/16 MP: 1/1
    77 | D:1      | Reached skill level 5 in Polearms
    81 | D:1      | Reached XP level 2. HP: 8/22 MP: 2/2
   884 | D:1      | Reached skill level 6 in Polearms
   884 | D:1      | Reached XP level 3. HP: 15/27 MP: 3/3
  1204 | D:2      | Noticed Natasha
  1212 | D:2      | Killed Natasha
  1213 | D:2      | Reached XP level 4. HP: 17/33 MP: 4/4
  1214 | D:2      | Reached skill level 7 in Polearms
  1367 | D:2      | Noticed Natasha
  1377 | D:2      | Killed Natasha
  1675 | D:2      | Found a faded altar of an unknown god.
  1680 | D:2      | Prayed at the altar of an unknown god.
  1680 | D:2      | Became a worshipper of Gozag Ym Sagoz the Greedy
  1944 | D:2      | Noticed Natasha
  1971 | D:2      | Slain by Natasha

Illustrated notes

Levels and vault maps discovered:
D:1:      ncdulo_watergridlock, layout_loops_ring
D:2:      layout_rooms, shapermc_ecumenical_altar_petra, kennysheep_crisscross,
          uniq_natasha

Skill      XL: |  1  2  3  4 |
---------------+-------------+-----
Polearms       | 5 6 7 |  7.6
Fighting       | |  2.1
Throwing       | |  2.0
Dodging        | |  4.0

Action                   |  1- 3 |  4- 6 || total
-------------------------+-------+-------++-------
Melee: Trident           |    79 |    49 ||   128
 Stab: Sleeping          |     3 |       ||     3
Armor: Leather armour    |    12 |    12 ||    24
Dodge: Dodged            |    50 |    33 ||    83

Table legend: (Time is in decaauts)
 A = Elapsed time spent in this place.
 B = Non-inter-level travel time spent in this place.
 C = Inter-level travel time spent in this place.
 D = Time resting spent in this place.
 E = Time spent auto-exploring this place.
 F = Levels seen in this place.
 G = Mean time per level.
                   A        B        C        D        E       F      G
               +--------+--------+--------+--------+--------+-----+--------+
         Total |   1982 |   1970 |     12 |    633 |   1000 |   2 |  991.0 |
       Dungeon |   1982 |   1970 |     12 |    633 |   1000 |   2 |  991.0 |
               +--------+--------+--------+--------+--------+-----+--------+

Top non-repeatable levels by time:
     D:1: 1005 daAuts
     D:2: 977 daAuts
